[Event "ICC tourney 2314 (120 10)"]
[Site "Internet Chess Club"]
[Date "2021.01.16"]
[Round "1"]
[White "chessprogidy"]
[Black "AndreiM"]
[Result "0-1"]
[ICCResult "White resigns"]
[WhiteElo "1361"]
[BlackElo "1523"]
[Opening "Queen's bishop game"]
[ECO "A45"]
[NIC "QP.07"]
[Time "11:03:56"]
[PlyCount "136"]
[TimeControl "7200+10"]

1. d4 Nf6 2. Bf4 d5 3. Nf3 c5 4. e3 Nc6 5. c3 Qb6 6. Qb3 Qxb3 7. axb3 cxd4
8. exd4 h6 9. h3 e6 10. Bd3 Be7 11. O-O O-O 12. Nbd2 Bd7 13. Rfe1 a6 14. b4
b5 15. Nb3 Ra7 16. Nc5 Rfa8 17. Ne5 Nxe5 18. Bxe5 Be8 19. Ra3 a5 20. Rea1
Bd8 21. Nb3 a4 22. Nc5 Bb6 23. Bxf6 gxf6 24. Re1 Kg7 25. Bc2 Bc7 26. Nd3
Kf8 27. Re3 Ke7 28. Rf3 e5 29. Re3 e4 30. g3 Bd7 31. h4 Bg4 32. Nc5 f5 33.
f4 Rg8 34. Kh2 Bf3 35. Nd3 f6 36. Ne1 Bh5 37. Ng2 Bb8 38. Bd3 Be8 39. Bc2
Ke6 40. Ne1 Kd6 41. Ng2 Rag7 42. Bd1 Kd7 43. Be2 Kc8 44. Bd1 Bc7 45. b3
axb3 46. Bxb3 Bc6 47. Ra2 Kb7 48. h5 Ra8 49. Rxa8 Kxa8 50. Nh4 Rg4 51. Nxf5
Bxf4 52. gxf4 Rxf4 53. Nxh6 Rh4+ 54. Rh3 Rf4 55. Kg2 Kb8 56. Nf7 Rg4+ 57.
Kf2 Bd7 58. Rh2 Rf4+ 59. Ke1 Bf5 60. h6 Bh7 61. Bxd5 Kc7 62. Rh3 Rg4 63.
Kf2 Kd7 64. Ke3 Ke7 65. c4 bxc4 66. Bxc4 Rg1 67. b5 Rc1 68. Bd5 Rc3+ {
White resigns } 0-1

[Event "ICC tourney 2314 (120 10)"]
[Site "Internet Chess Club"]
[Date "2021.01.16"]
[Round "1"]
[White "APBrain"]
[Black "LOCHAR"]
[Result "1-0"]
[ICCResult "Black checkmated"]
[WhiteElo "1639"]
[BlackElo "1417"]
[Opening "Pirc: Ufimtsev-Pytel variation"]
[ECO "B07"]
[NIC "PU.08"]
[Time "11:03:47"]
[PlyCount "89"]
[TimeControl "7200+10"]

1. e4 d6 2. d4 Nf6 3. Nc3 c6 4. f4 Qa5 5. Bd2 e5 6. fxe5 dxe5 7. d5 Bc5 8.
Nf3 Ng4 9. Qe2 Bf2+ 10. Kd1 Bc5 11. Kc1 O-O 12. h3 Nf6 13. g4 Qc7 14. Bg5
Nbd7 15. Nh4 g6 16. Qf3 Ne8 17. Bc4 Nb6 18. Bb3 Be7 19. Qe3 Qd8 20. Bxe7
Qxe7 21. Nf3 Kg7 22. Rg1 h6 23. g5 h5 24. h4 Bd7 25. Ne2 Nd6 26. a4 Bg4 27.
Nd2 Bxe2 28. Qxe2 c5 29. c4 Nd7 30. Kc2 Nb8 31. Raf1 Na6 32. Kb1 Nb4 33.
Bd1 Qc7 34. Qf3 Ne8 35. Rf2 Rd8 36. Qg3 Rd7 37. Rgf1 Re7 38. Rf6 Kg8 39. d6
Nxd6 40. Bxh5 Rd8 41. Qf3 Kg7 42. Bxg6 fxg6 43. h5 gxh5 44. Qxh5 Rh8 45.
Qg6# { Black checkmated } 1-0

[Event "ICC tourney 2314 (120 10)"]
[Site "Internet Chess Club"]
[Date "2021.01.16"]
[Round "1"]
[White "boochodu"]
[Black "MasterIVGM20"]
[Result "1-0"]
[ICCResult "Black checkmated"]
[WhiteElo "1500"]
[BlackElo "1184"]
[Opening "English: symmetrical variation"]
[ECO "A30"]
[NIC "EO.64"]
[Time "11:03:45"]
[PlyCount "209"]
[TimeControl "7200+10"]

1. c4 c5 2. g3 Nc6 3. Bg2 Nf6 4. Nf3 e5 5. d3 d6 6. O-O Bf5 7. Nc3 Be7 8.
a3 a5 9. Qb3 Qd7 10. Na4 Qc7 11. Bd2 O-O 12. Nb6 Ra6 13. Na4 Rd8 14. Nc3
Rb6 15. Qc2 Nd4 16. Nxd4 cxd4 17. Nd5 Nxd5 18. Bxd5 Rb5 19. Bg2 d5 20. a4
Rc5 21. b4 Rxc4 22. Qb3 Rc6 23. Bxd5 Rf6 24. Bg5 Rb6 25. Bxf7+ Kh8 26. Rfc1
Qd7 27. Bxe7 Qxe7 28. b5 Rh6 29. Bd5 Qg5 30. Bf3 Bg4 31. Qd1 Qh5 32. h4 Qf5
33. Bg2 Rf6 34. f3 Bh5 35. g4 Bxg4 36. Qd2 Bh3 37. Qg5 Qe6 38. Kf2 Rdf8 39.
Bxh3 Qxh3 40. Qg3 Qf5 41. Rc5 Re8 42. Rg1 Rg6 43. Qh2 b6 44. Rc7 Rg8 45.
Rxg6 hxg6 46. Rc6 Rb8 47. Qg3 Kh7 48. Qg5 Qf7 49. Qxe5 Rb7 50. Qxd4 Qe7 51.
Rxb6 Rxb6 52. Qxb6 Qxh4+ 53. Kf1 Qxa4 54. Qc5 Qd1+ 55. Kf2 Qh1 56. b6 Qh2+
57. Ke1 a4 58. Qc7 Qg1+ 59. Kd2 a3 60. b7 a2 61. b8=Q a1=Q 62. Qh2+ Qxh2
63. Qxh2+ Kg8 64. Qd6 Qa5+ 65. Ke3 Qg5+ 66. Kd4 Qh4+ 67. Kd5 Qg5+ 68. Qe5
Qd8+ 69. Qd6 Qg5+ 70. Kc6 Qc1+ 71. Qc5 Qh1 72. Qe3 Qa1 73. Qe6+ Kh7 74. Qc4
Qa8+ 75. Kd6 Qd8+ 76. Ke6 Qe8+ 77. Kd6 Qxe2 78. Qh4+ Kg8 79. Qc4+ Kh7 80.
Qh4+ Kg8 81. Qc4+ Kh8 82. Qc8+ Kh7 83. Qh3+ Kg8 84. Qe6+ Qxe6+ 85. Kxe6 Kf8
86. d4 Ke8 87. f4 Kf8 88. Kd7 Kf7 89. Kc7 Ke6 90. Kc6 Kf5 91. d5 Kxf4 92.
d6 g5 93. d7 g4 94. d8=Q g3 95. Qd1 g2 96. Qg1 Kg3 97. Kd6 g6 98. Ke5 g5
99. Kf5 g4 100. Kg5 Kh3 101. Kf4 Kh4 102. Qxg2 Kh5 103. Qxg4+ Kh6 104. Qg8
Kh5 105. Qg5# { Black checkmated } 1-0

[Event "ICC tourney 2314 (120 10)"]
[Site "Internet Chess Club"]
[Date "2021.01.16"]
[Round "1"]
[White "gduranko"]
[Black "Elatedbook"]
[Result "1-0"]
[ICCResult "Black resigns"]
[WhiteElo "1515"]
[BlackElo "1270"]
[Opening "Ruy Lopez: open (Tarrasch) defense"]
[ECO "C80"]
[NIC "RL.27"]
[Time "11:03:48"]
[PlyCount "87"]
[TimeControl "7200+10"]

1. e4 e5 2. Nf3 Nc6 3. Bb5 a6 4. Ba4 Nf6 5. O-O Nxe4 6. Bxc6 bxc6 7. Re1
Nf6 8. Nxe5 Be7 9. b3 O-O 10. Bb2 a5 11. d3 a4 12. bxa4 Rxa4 13. Nd2 Ra6
14. a4 Bb4 15. c3 Bc5 16. d4 Be7 17. Ba3 d6 18. Nef3 Nd5 19. Qc2 Be6 20. c4
Nf6 21. Bb2 Nd7 22. Qd3 Bf6 23. Bc3 Qa8 24. a5 Re8 25. Ne4 Be7 26. Neg5 Nf6
27. Nxe6 fxe6 28. Rxe6 Bf8 29. Rxe8 Qxe8 30. Re1 Qc8 31. d5 c5 32. Ng5 h6
33. Ne6 Ne8 34. Qf5 Be7 35. Qg6 Bf8 36. Re3 Qd7 37. Rf3 Qe7 38. Rxf8+ Qxf8
39. Nxf8 Kxf8 40. Qe6 Ra8 41. h3 Rb8 42. Qd7 Rb1+ 43. Kh2 Rb8 44. Qc6 {
Black resigns } 1-0

[Event "ICC tourney 2314 (120 10)"]
[Site "Internet Chess Club"]
[Date "2021.01.16"]
[Round "1"]
[White "Yakshwag"]
[Black "shrey16ultimate"]
[Result "0-1"]
[ICCResult "White checkmated"]
[WhiteElo "1364"]
[BlackElo "1582"]
[Opening "Caro-Kann: Panov-Botvinnik attack"]
[ECO "B13"]
[NIC "CK.03"]
[Time "11:03:57"]
[PlyCount "114"]
[TimeControl "7200+10"]

1. e4 c6 2. d4 d5 3. exd5 cxd5 4. c4 Nf6 5. Nc3 Bf5 6. Nf3 e6 7. Bg5 Bb4 8.
Qa4+ Nc6 9. Ne5 Qa5 10. Qxa5 Bxa5 11. Bxf6 gxf6 12. Nf3 Rc8 13. O-O-O dxc4
14. Nh4 Bd3 15. Bxd3 cxd3 16. Rxd3 Nb4 17. Rg3 Nxa2+ 18. Kd2 Nxc3 19. bxc3
Ke7 20. Re1 Rhd8 21. Kc2 Kf8 22. Kb3 Rxd4 23. Ra1 Rxh4 24. Rxa5 a6 25. h3
f5 26. Ra2 Rf4 27. Rd2 Ke7 28. Rgd3 Rc7 29. f3 Rfc4 30. g3 h5 31. h4 R4c6
32. f4 Rb6+ 33. Ka3 Rc5 34. Ka4 Rb1 35. Ra2 Rc4+ 36. Ka3 b5 37. Rb2 Rc1 38.
Kb3 a5 39. Rc2 Rxc2 40. Kxc2 b4 41. Kb3 Rxc3+ 42. Rxc3 bxc3 43. Kxc3 Kd6
44. Kb3 Kc5 45. Ka4 Kb6 46. Ka3 Kb5 47. Kb3 a4+ 48. Ka3 Ka5 49. Kb2 Kb4 50.
Ka2 a3 51. Ka1 Kb3 52. Kb1 a2+ 53. Ka1 f6 54. g4 hxg4 55. h5 g3 56. h6 g2
57. h7 g1=Q# { White checkmated } 0-1

[Event "ICC tourney 2314 (120 10)"]
[Site "Internet Chess Club"]
[Date "2021.01.16"]
[Round "2"]
[White "ZYCON"]
[Black "yogokings12"]
[Result "1-0"]
[ICCResult "Black resigns"]
[WhiteElo "1385"]
[BlackElo "1573"]
[Opening "Grünfeld: modern exchange variation"]
[ECO "D85"]
[NIC "GI.04"]
[Time "16:18:08"]
[PlyCount "40"]
[TimeControl "7200+10"]

1. d4 Nf6 2. c4 g6 3. Nc3 d5 4. cxd5 Nxd5 5. e4 Nxc3 6. bxc3 Bg7 7. Nf3 c5
8. Be3 Qa5 9. Qc2 Nc6 10. Bd2 Qb6 11. Be3 cxd4 12. cxd4 Nxd4 13. Bxd4 Bxd4
14. Qa4+ Bd7 15. Qxd4 Qa5+ 16. Qd2 Qb6 17. Be2 Rd8 18. Qc3 O-O 19. O-O Rc8
20. Qb3 Qf6 { Black resigns } 1-0

[Event "ICC tourney 2314 (120 10)"]
[Site "Internet Chess Club"]
[Date "2021.01.16"]
[Round "2"]
[White "ChunkyApple"]
[Black "ScorpianFire7"]
[Result "0-1"]
[ICCResult "White resigns"]
[WhiteElo "1295"]
[BlackElo "1501"]
[Opening "Giuoco Piano"]
[ECO "C50"]
[NIC "IG.02"]
[Time "16:18:05"]
[PlyCount "52"]
[TimeControl "7200+10"]

1. e4 e5 2. Nf3 Nc6 3. Bc4 Bc5 4. Nc3 d6 5. h3 Nf6 6. d3 h6 7. Na4 Bb6 8.
Nxb6 axb6 9. Be3 O-O 10. O-O Qe7 11. Qe2 Bd7 12. a3 Be6 13. Bxe6 Qxe6 14.
Rad1 Rfe8 15. Nh4 Ne7 16. f4 exf4 17. Bxf4 g5 18. Bxg5 hxg5 19. Nf5 Nxf5
20. Rxf5 Qxf5 21. Rf1 Qe5 22. Qf2 Re6 23. Qe3 Nd5 24. Qd2 Nf4 25. c3 d5 26.
exd5 Qxd5 { White resigns } 0-1

[Event "ICC tourney 2314 (120 10)"]
[Site "Internet Chess Club"]
[Date "2021.01.16"]
[Round "2"]
[White "akshajp"]
[Black "Knightboy123"]
[Result "1-0"]
[ICCResult "Black checkmated"]
[WhiteElo "1389"]
[BlackElo "1661"]
[Opening "Queen's pawn: Chigorin variation"]
[ECO "D00"]
[NIC "QP.08"]
[Time "16:17:56"]
[PlyCount "105"]
[TimeControl "7200+10"]

1. d4 d5 2. Nc3 Nf6 3. Bf4 Bf5 4. Nf3 e6 5. a3 c6 6. e3 Bd6 7. Qd2 Bxf4 8.
exf4 Nbd7 9. Ne5 Ne4 10. Nxe4 Bxe4 11. Bd3 Bxd3 12. Qxd3 f6 13. Nxd7 Kxd7
14. O-O-O Qc7 15. Qg3 g6 16. Rhe1 Rhf8 17. Qh3 Qxf4+ 18. Kb1 Rae8 19. Qxh7+
Re7 20. Qxg6 Qxh2 21. Rh1 Qf4 22. Rh7 Qxf2 23. Rdh1 Qxd4 24. Rxe7+ Kxe7 25.
Rh7+ Kd6 26. Qg7 Ra8 27. Qe7+ Ke5 28. Rh5+ f5 29. Qg7+ Ke4 30. Rh4+ f4 31.
Rxf4+ Kxf4 32. Qxd4+ Kg3 33. Qe5+ Kxg2 34. Qxe6 Kf2 35. Qe7 Rg8 36. Qf7+
Ke3 37. Qxg8 Kd4 38. Qg1+ Kc4 39. Qxa7 b6 40. Qxb6 c5 41. Qb3+ Kd4 42. Qd3+
Ke5 43. a4 c4 44. Qc3+ d4 45. Qxc4 Ke4 46. a5 Ke3 47. a6 d3 48. Qxd3+ Kf2
49. a7 Ke1 50. a8=Q Kf2 51. Qaf3+ Kg1 52. Qff1+ Kh2 53. Qdh3# { Black
checkmated } 1-0

[Event "ICC tourney 2314 (120 10)"]
[Site "Internet Chess Club"]
[Date "2021.01.16"]
[Round "2"]
[White "AndreiM"]
[Black "JonesGill"]
[Result "0-1"]
[ICCResult "White checkmated"]
[WhiteElo "1523"]
[BlackElo "1277"]
[Opening "King's Indian: orthodox, 7...Nbd7"]
[ECO "E94"]
[NIC "KI.12"]
[Time "16:18:07"]
[PlyCount "60"]
[TimeControl "7200+10"]

1. c4 Nf6 2. d4 g6 3. Nc3 Bg7 4. Nf3 d6 5. e4 O-O 6. Be2 Nbd7 7. O-O e5 8.
d5 a5 9. h3 Nc5 10. Qc2 h6 11. Be3 Nfd7 12. Nd2 f5 13. f4 exf4 14. Bxf4 g5
15. Be3 f4 16. Bf2 Na6 17. a3 Ne5 18. Nf3 Qe8 19. Nxe5 Bxe5 20. Bf3 Qg6 21.
Qe2 Kh7 22. Bh5 Qg7 23. Qf3 Rg8 24. Rab1 g4 25. hxg4 Bxg4 26. Bxg4 Qxg4 27.
Qxg4 Rxg4 28. Kh2 f3+ 29. g3 Rag8 30. Rg1 Rh4# { White checkmated } 0-1

[Event "ICC tourney 2314 (120 10)"]
[Site "Internet Chess Club"]
[Date "2021.01.16"]
[Round "2"]
[White "solveur"]
[Black "Elias1302"]
[Result "1-0"]
[ICCResult "Black checkmated"]
[WhiteElo "1435"]
[BlackElo "1609"]
[Opening "QGD Slav: 4.Nc3"]
[ECO "D15"]
[NIC "SL.03"]
[Time "16:17:58"]
[PlyCount "137"]
[TimeControl "7200+10"]

1. d4 d5 2. c4 c6 3. Nc3 Nf6 4. Nf3 h6 5. Bf4 Bf5 6. e3 e6 7. Qb3 Qc8 8.
cxd5 exd5 9. Be2 Be7 10. O-O O-O 11. Rac1 Rd8 12. Ne5 Nbd7 13. Bf3 Nxe5 14.
Bxe5 Qd7 15. Na4 Ne4 16. Bxe4 Bxe4 17. f3 Bg6 18. Nc5 Bxc5 19. Rxc5 b6 20.
Rc3 Rac8 21. Rfc1 f6 22. Bg3 Kh8 23. Qa4 Be8 24. Ra3 Qe6 25. Kf2 c5 26. Qb3
cxd4 27. Rxc8 Rxc8 28. exd4 Bg6 29. Qe3 Rc2+ 30. Kf1 Qc6 31. Rb3 a5 32. Be1
Qc4+ 33. Kg1 Re2 34. Qc3 b5 35. Bg3 Qxc3 36. bxc3 Be8 37. a3 a4 38. Rb1 Rc2
39. Re1 Bf7 40. Re3 Ra2 41. Bd6 Kh7 42. Bb4 Kg6 43. Re7 h5 44. f4 f5 45.
Rb7 Be8 46. Rb6+ Kh7 47. Re6 Bf7 48. Re7 Kg6 49. Rb7 Be8 50. Bf8 Kf6 51.
Bxg7+ Ke6 52. Bf8 Bd7 53. Rb6+ Kf7 54. Bb4 Re2 55. Rh6 Re4 56. g3 Kg7 57.
Rxh5 Kg6 58. Rg5+ Kf6 59. Rg8 Re2 60. Rf8+ Kg6 61. Rd8 Be6 62. Rd6 Kh5 63.
Kf1 Re4 64. Kf2 Kg4 65. Rb6 Bf7 66. Rh6 Bh5 67. h3+ Kxh3 68. Rxh5+ Kg4 69.
Rh4# { Black checkmated } 1-0

[Event "ICC tourney 2314 (120 10)"]
[Site "Internet Chess Club"]
[Date "2021.01.16"]
[Round "2"]
[White "Cbf577"]
[Black "avats"]
[Result "0-1"]
[ICCResult "White resigns"]
[WhiteElo "1363"]
[BlackElo "1584"]
[Opening "French: exchange variation"]
[ECO "C01"]
[NIC "FR.01"]
[Time "16:17:57"]
[PlyCount "78"]
[TimeControl "7200+10"]

1. e4 e6 2. d4 d5 3. exd5 exd5 4. Nf3 Nf6 5. Nc3 c6 6. Be2 Be7 7. O-O O-O
8. Be3 Bf5 9. Bd3 Bxd3 10. Qxd3 Nbd7 11. Bf4 Re8 12. Rfe1 Nf8 13. Re2 Ng6
14. Bg3 Nh5 15. Ne5 Nhf4 16. Qf5 Nxe2+ 17. Nxe2 Nxe5 18. Bxe5 Bf6 19. Nf4
Bxe5 20. dxe5 Qc8 21. Qg5 Qc7 22. Nd3 Qe7 23. Qg3 f6 24. f4 fxe5 25. Nxe5
c5 26. h4 Rad8 27. h5 h6 28. Re1 c4 29. Kf1 Qf6 30. Kf2 Qb6+ 31. Kf1 Qxb2
32. Qg6 Re7 33. Ng4 Rxe1+ 34. Kxe1 Qc1+ 35. Kf2 Qxf4+ 36. Kg1 d4 37. Qe6+
Qf7 38. Qe4 d3 39. Ne5 Qe6 { White resigns } 0-1

[Event "ICC tourney 2314 (120 10)"]
[Site "Internet Chess Club"]
[Date "2021.01.16"]
[Round "2"]
[White "Sirichess"]
[Black "StevChess01"]
[Result "0-1"]
[ICCResult "White checkmated"]
[WhiteElo "1485"]
[BlackElo "1632"]
[Opening "Sicilian: O'Kelly variation"]
[ECO "B28"]
[NIC "SI.43"]
[Time "16:17:57"]
[PlyCount "138"]
[TimeControl "7200+10"]

1. e4 c5 2. Nf3 a6 3. Be2 Nc6 4. Nc3 e6 5. d3 Nge7 6. O-O d5 7. exd5 Nxd5
8. Nxd5 Qxd5 9. Bf4 Be7 10. Nd2 O-O 11. Bf3 Qd8 12. Bxc6 bxc6 13. Nc4 f6
14. Re1 e5 15. Bg3 Re8 16. Qd2 g5 17. h4 h6 18. hxg5 hxg5 19. f3 Be6 20.
Rad1 Bxc4 21. dxc4 Qd4+ 22. Qxd4 cxd4 23. b3 Bb4 24. Re2 Kf7 25. Be1 a5 26.
a4 Bxe1 27. Rexe1 c5 28. Kf2 Rh8 29. Rh1 Kg6 30. Kg3 Rxh1 31. Rxh1 f5 32.
Kf2 e4 33. fxe4 fxe4 34. Re1 e3+ 35. Ke2 Rf8 36. Rg1 Rf2+ 37. Kd3 Kf5 38.
Rd1 Rxg2 39. c3 e2 40. Re1 dxc3 41. Kxc3 Ke4 42. Kd2 Kf3 43. b4 cxb4 44. c5
Rg4 45. Rxe2 Rd4+ 46. Ke1 Rc4 47. Re5 g4 48. Kd2 g3 49. c6 Rxc6 50. Rxa5
Rg6 51. Rf5+ Ke4 52. Rf1 g2 53. Rg1 Kf3 54. a5 Kf2 55. a6 Rxa6 56. Rxg2+
Kxg2 57. Kc2 Ra3 58. Kb2 Rc3 59. Kb1 Kf2 60. Kb2 Ke2 61. Kb1 Kd3 62. Kb2
Kd2 63. Kb1 Rc2 64. Ka1 Kd3 65. Kb1 Kc3 66. Ka1 Rf2 67. Kb1 Rg2 68. Ka1 Kb3
69. Kb1 Rg1# { White checkmated } 0-1

[Event "ICC tourney 2314 (120 10)"]
[Site "Internet Chess Club"]
[Date "2021.01.16"]
[Round "2"]
[White "shrey16ultimate"]
[Black "WaSabi5829"]
[Result "1-0"]
[ICCResult "Black resigns"]
[WhiteElo "1582"]
[BlackElo "1386"]
[Opening "Old Benoni defense"]
[ECO "A43"]
[NIC "OI.09"]
[Time "16:17:58"]
[PlyCount "65"]
[TimeControl "7200+10"]

1. d4 c5 2. c3 Nf6 3. Bf4 e6 4. e3 d5 5. Nf3 Nc6 6. Nbd2 Bd6 7. Bg3 cxd4 8.
exd4 Qc7 9. Bd3 h6 10. Qe2 Bd7 11. O-O Nh5 12. Bxd6 Qxd6 13. Ne5 Nf4 14.
Qf3 f6 15. Qxf4 fxe5 16. Qg3 O-O-O 17. Nf3 Qe7 18. Nxe5 Nxe5 19. Qxe5 g5
20. c4 Bc6 21. Bf5 Rhe8 22. Rfe1 Kd7 23. cxd5 exf5 24. Qxf5+ Kc7 25. Rxe7+
Rxe7 26. dxc6 bxc6 27. Qa5+ Kc8 28. Qa6+ Kd7 29. Qb7+ Ke8 30. Qxc6+ Rdd7
31. Kf1 Kf7 32. Re1 Rxe1+ 33. Kxe1 { Black resigns } 1-0

[Event "ICC tourney 2314 (120 10)"]
[Site "Internet Chess Club"]
[Date "2021.01.16"]
[Round "2"]
[White "jackl514"]
[Black "thihansa"]
[Result "1-0"]
[ICCResult "Black checkmated"]
[WhiteElo "1606"]
[BlackElo "1231"]
[Opening "French: Tarrasch, closed variation"]
[ECO "C05"]
[NIC "FR.17"]
[Time "16:17:55"]
[PlyCount "121"]
[TimeControl "7200+10"]

1. e4 e6 2. d4 d5 3. Nd2 Nf6 4. e5 Nfd7 5. Bd3 c5 6. c3 Nc6 7. Ngf3 g6 8.
O-O Bg7 9. Bc2 O-O 10. Re1 b6 11. Ba4 Bb7 12. Nf1 cxd4 13. cxd4 Rc8 14. Bg5
Qe8 15. Rc1 Ncb8 16. Ne3 Rxc1 17. Qxc1 Qc8 18. Ng4 Qxc1 19. Rxc1 h5 20.
Nf6+ Nxf6 21. exf6 Bh8 22. Rc7 Ba6 23. h3 Rc8 24. Rxa7 Kf8 25. Ne5 Kg8 26.
Nxf7 b5 27. Nd6 Rf8 28. Nxb5 Bxb5 29. Bxb5 Bxf6 30. Bxf6 Rxf6 31. Rb7 Rf8
32. Re7 Rf6 33. Re8+ Rf8 34. Rxf8+ Kxf8 35. Kh2 Ke7 36. Kg3 Kf6 37. Kf4 g5+
38. Ke3 e5 39. g4 h4 40. a4 Ke6 41. b4 Kd6 42. a5 e4 43. a6 Nxa6 44. Bxa6
Kc6 45. b5+ Kb6 46. Kd2 Ka5 47. Kc3 Kb6 48. Kb4 Kc7 49. Kc5 Kd7 50. b6 Kd8
51. Kc6 Ke7 52. b7 Kd8 53. b8=Q+ Ke7 54. Qd6+ Kf7 55. Kxd5 Kg7 56. Qe6 Kh7
57. Qf6 Kg8 58. Qe7 Kh8 59. Ke6 Kg8 60. Kf6 Kh8 61. Qg7# { Black checkmated
} 1-0

[Event "ICC tourney 2314 (120 10)"]
[Site "Internet Chess Club"]
[Date "2021.01.16"]
[Round "2"]
[White "DrBoler"]
[Black "Hari152"]
[Result "1-0"]
[ICCResult "Black resigns"]
[WhiteElo "1442"]
[BlackElo "1180"]
[Opening "Queen's pawn: London system"]
[ECO "A45"]
[NIC "QP.07"]
[Time "16:18:01"]
[PlyCount "85"]
[TimeControl "7200+10"]

1. d4 Nf6 2. Bf4 d6 3. e3 g6 4. Nf3 Bg7 5. c4 O-O 6. Nc3 c6 7. Be2 Bg4 8.
h3 Bf5 9. Nh4 Bd7 10. Qb3 b6 11. O-O c5 12. Nf3 Nc6 13. d5 Na5 14. Qc2 e5
15. Bg5 Re8 16. g4 h6 17. Bxf6 Qxf6 18. Ne4 Qd8 19. Nxd6 Ba4 20. Qxa4 Qxd6
21. e4 Qf6 22. Qc2 Qf4 23. Rad1 Rad8 24. Nh4 Bf6 25. Ng2 Qg5 26. h4 Qxh4
27. Nxh4 Bxh4 28. a3 Rd6 29. Qc3 Rf6 30. d6 Nb7 31. d7 Rd8 32. Qxe5 h5 33.
Qd5 hxg4 34. Qxb7 Rf4 35. e5 Kg7 36. Qh1 Bg5 37. Qg2 Rh8 38. Bxg4 Bh4 39.
Be2 Rf5 40. f4 g5 41. d8=Q Rxd8 42. Rxd8 Rxf4 43. Rxf4 { Black resigns }
1-0

[Event "ICC tourney 2314 (120 10)"]
[Site "Internet Chess Club"]
[Date "2021.01.16"]
[Round "2"]
[White "eroedel"]
[Black "IveDoneEnough"]
[Result "0-1"]
[ICCResult "White resigns"]
[WhiteElo "1480"]
[BlackElo "1645"]
[Opening "Sicilian: Najdorf, Opocensky variation"]
[ECO "B92"]
[NIC "SI.11"]
[Time "16:17:56"]
[PlyCount "64"]
[TimeControl "7200+10"]

1. e4 c5 2. Nf3 d6 3. d4 cxd4 4. Nxd4 Nf6 5. Nc3 a6 6. Be2 e5 7. Nb3 Be7 8.
O-O O-O 9. Be3 b5 10. a3 Bb7 11. Bf3 Nbd7 12. Nc1 Rc8 13. N1e2 Nb6 14. Bxb6
Qxb6 15. b4 Rc4 16. Qd3 Rfc8 17. Rac1 Qc7 18. Nd5 Bxd5 19. Ng3 Be6 20. Qe2
Rxc2 21. Rxc2 Qxc2 22. Qxc2 Rxc2 23. Ra1 Bd8 24. Bd1 Rb2 25. f3 Bb6+ 26.
Kh1 Bd4 27. Rc1 g6 28. Ne2 Be3 29. Ra1 Bc4 30. Nc3 Bd4 31. Nd5 Nxd5 32.
exd5 Rf2 { White resigns } 0-1

[Event "ICC tourney 2314 (120 10)"]
[Site "Internet Chess Club"]
[Date "2021.01.16"]
[Round "2"]
[White "Eagle2020"]
[Black "ChessStar22"]
[Result "1-0"]
[ICCResult "Black resigns"]
[WhiteElo "1518"]
[BlackElo "1393"]
[Opening "Caro-Kann: advance variation"]
[ECO "B12"]
[NIC "CK.04"]
[Time "16:17:57"]
[PlyCount "66"]
[TimeControl "7200+10"]

1. e4 c6 2. d4 d5 3. e5 Bf5 4. Bd3 Bxd3 5. Qxd3 e6 6. f4 c5 7. c3 cxd4 8.
cxd4 Bb4+ 9. Bd2 Bxd2+ 10. Nxd2 Ne7 11. Ngf3 Nbc6 12. a3 Qb6 13. O-O a5 14.
Kh1 a4 15. g4 g6 16. Rf2 h5 17. g5 Nf5 18. Nf1 Ncxd4 19. Nxd4 Nxd4 20. Qe3
Qa7 21. Rc1 Nc6 22. Qf3 Kd7 23. Nd2 Nd4 24. Qd3 Nc6 25. Ne4 Ke7 26. Nc5 Qb6
27. Rfc2 Rhc8 28. Qc3 Qb5 29. Qd2 Rab8 30. h4 b6 31. Ne4 Na7 32. Rc7+ Ke8
33. Nd6+ Kd8 { Black resigns } 1-0

[Event "ICC tourney 2314 (120 10)"]
[Site "Internet Chess Club"]
[Date "2021.01.16"]
[Round "2"]
[White "muzikmixer"]
[Black "boochodu"]
[Result "0-1"]
[ICCResult "White resigns"]
[WhiteElo "1633"]
[BlackElo "1500"]
[Opening "Richter-Veresov attack"]
[ECO "D01"]
[NIC "QP.08"]
[Time "16:17:56"]
[PlyCount "72"]
[TimeControl "7200+10"]

1. d4 d5 2. Nc3 Nf6 3. Bg5 e6 4. Qd3 a6 5. f3 c5 6. dxc5 Bxc5 7. O-O-O O-O
8. e4 Be7 9. exd5 exd5 10. Bxf6 Bxf6 11. Nxd5 Nc6 12. Qe4 Be6 13. Nxf6+
Qxf6 14. Bd3 g6 15. Kb1 Rfe8 16. Ne2 Bxa2+ 17. Kxa2 Rxe4 18. Bxe4 Rc8 19.
Nc3 Qe6+ 20. Bd5 Nb4+ 21. Kb1 Nxd5 22. Nxd5 Kg7 23. Rhe1 Qc6 24. Nc3 b5 25.
Rd4 a5 26. Red1 b4 27. Rd6 Qc7 28. Rd7 Qxh2 29. Ne2 Qxg2 30. Nd4 a4 31.
Ne6+ Kf6 32. Nd8 Qxc2+ 33. Ka1 Rc7 34. R1d6+ Kf5 35. Rd5+ Kf4 36. Rd4+ Kg3
{ White resigns } 0-1

[Event "ICC tourney 2314 (120 10)"]
[Site "Internet Chess Club"]
[Date "2021.01.16"]
[Round "2"]
[White "Elatedbook"]
[Black "joeandjoe28"]
[Result "0-1"]
[ICCResult "White checkmated"]
[WhiteElo "1270"]
[BlackElo "1416"]
[Opening "Four knights: Spanish, classical defense"]
[ECO "C48"]
[NIC "KP.03"]
[Time "16:18:00"]
[PlyCount "112"]
[TimeControl "7200+10"]

1. e4 e5 2. Nf3 Nc6 3. Nc3 Nf6 4. Bb5 Bc5 5. d3 d6 6. Bg5 h6 7. Be3 Bxe3 8.
fxe3 a6 9. Ba4 Bg4 10. Nd5 O-O 11. O-O Nxd5 12. exd5 Ne7 13. e4 Ng6 14. Qd2
Nf4 15. Rae1 Bxf3 16. Rxf3 Qg5 17. Qf2 f5 18. Rg3 Qh5 19. d4 fxe4 20. dxe5
Nd3 21. Qe2 Qxe5 22. cxd3 Qd4+ 23. Kh1 Qxa4 24. b3 exd3 25. Qxd3 Qxa2 26.
Qg6 Qb2 27. Qxh6 Qf6 28. Qxf6 Rxf6 29. h3 Kf7 30. Re4 c5 31. dxc6 bxc6 32.
Rge3 Rb8 33. Re7+ Kf8 34. Rc7 Rb6 35. Rce7 g6 36. Rd7 d5 37. Rd8+ Kg7 38.
Ra8 Rf1+ 39. Kh2 Rb1 40. Rc3 R1xb3 41. Rxb3 Rxb3 42. Rxa6 Rc3 43. Ra7+ Kf6
44. Kg1 Rc2 45. Ra3 c5 46. Kf1 d4 47. Rf3+ Ke6 48. Rg3 Kf5 49. Rf3+ Kg5 50.
g4 c4 51. Ke1 d3 52. Kd1 Kh4 53. Rf6 Kxh3 54. Rxg6 Rg2 55. g5 c3 56. Rd6
Rg1# { White checkmated } 0-1

[Event "ICC tourney 2314 (120 10)"]
[Site "Internet Chess Club"]
[Date "2021.01.16"]
[Round "2"]
[White "AchaTelugammayi"]
[Black "RachanaB"]
[Result "1-0"]
[ICCResult "Black resigns"]
[WhiteElo "1500"]
[BlackElo "1461"]
[Opening "English, 1...Nf6 (Anglo-Indian defense)"]
[ECO "E62"]
[NIC "KI.72"]
[Time "16:17:56"]
[PlyCount "53"]
[TimeControl "7200+10"]

1. c4 Nf6 2. g3 g6 3. Bg2 Bg7 4. d4 O-O 5. Nf3 d6 6. O-O Nc6 7. Nc3 Ne8 8.
e4 e5 9. dxe5 Nxe5 10. Nxe5 Bxe5 11. Qd3 Bg7 12. Be3 c6 13. Rad1 f5 14. c5
fxe4 15. Qxe4 d5 16. Qb4 Qe7 17. Rfe1 Be6 18. Bf4 Qd7 19. Ne4 Nf6 20. Nd6
Nh5 21. Be5 Bxe5 22. Rxe5 Rab8 23. Rde1 Bf7 24. Re7 Qd8 25. Bh3 Nf6 26. Qd4
Nh5 27. Nxf7 { Black resigns } 1-0

[Event "ICC tourney 2314 (120 10)"]
[Site "Internet Chess Club"]
[Date "2021.01.16"]
[Round "2"]
[White "awakeprize"]
[Black "chessprogidy"]
[Result "1-0"]
[ICCResult "Black resigns"]
[WhiteElo "1470"]
[BlackElo "1361"]
[Opening "Sicilian"]
[ECO "B50"]
[NIC "SI.01"]
[Time "16:17:53"]
[PlyCount "57"]
[TimeControl "7200+10"]

1. e4 c5 2. Nf3 d6 3. c3 Nf6 4. Be2 g6 5. O-O Bg7 6. Re1 O-O 7. Bf1 Nc6 8.
d4 cxd4 9. cxd4 Bg4 10. d5 Ne5 11. Nbd2 Nxf3+ 12. Nxf3 Qa5 13. Bd2 Qd8 14.
h3 Bd7 15. Rc1 Rb8 16. Bc3 a6 17. b3 a5 18. Qd2 Ra8 19. a4 Ne8 20. Bd3 f5
21. Bxg7 Nxg7 22. Qh6 Ne8 23. Ng5 Nf6 24. exf5 gxf5 25. Re6 Rf7 26. Nxf7
Kxf7 27. Bxf5 Bxe6 28. Bxe6+ Ke8 29. Qg7 { Black resigns } 1-0